Map: Green Acres

Players

warriordj

  • Race: Terran Terran
  • Spawn Location: 12:00

jojo

  • Race: Protoss Protoss
  • League: Bronze
  • Spawn Location: 3:00

Анатолий

  • Race: Terran Terran
  • Spawn Location: 1:00

hoalu

  • Race: Terran Terran
  • Spawn Location: 7:00

EmptyBig

  • Race: Protoss Protoss
  • Spawn Location: 9:00

Gracz

  • Race: Terran Terran
  • Spawn Location: 6:00

VOD

Have the link to the VOD?

Description

Time

  • Played on: March 11, 2016, 6:53 p.m.
  • Length: 10:39
Show
View Real Time Build Order
Export as new Build Order

warriordj Terran 

Build Orders: Liberator Opening 

Get SALT Encoding   

  12  0:02  SCV  
  13  0:14  SCV  
  14  0:22  Supply Depot  
  14  0:26  SCV  
  15  0:30  Refinery  
  15  0:44  SCV  
  15  0:45  Barracks  
  16  0:56  SCV  
  17  1:08  SCV  
  18  1:20  SCV  
  19  1:32  Barracks Tech Lab, SCV  
  20  1:43  Command Center  
  20  1:46  Orbital Command  
  20  1:53  Marauder  
  22  2:04  Refinery  
  22  2:10  Factory  
  22  2:13  SCV  
  23  2:33  Supply Depot  
  23  2:38  Barracks  
  23  2:54  SCV, Marauder  
  23  2:56  Starport  
  23  2:57  Factory Tech Lab  
  26  3:06  Engineering Bay, SCV  
  27  3:14  Orbital Command  
  27  3:16  Liberator  
  27  3:18  SCV  
  28  3:21  Marauder  
  28  3:26  Barracks Reactor  
  30  3:30  SCV  
  34  3:43  SCV  
  34  3:44  Missile Turret  
  35  3:48  Supply Depot  
  35  3:49  SCV  
  35  3:54  Refinery  
  36  3:58  SCV  
  36  3:59  Marauder  
  39  4:05  Siege Tank  
  39  4:08  SCV  
  43  4:10  SCV  
  44  4:18  Missile Turret  
  44  4:21  Marine x2  
  44  4:22  Marauder  
  48  4:25  Stimpack  
  48  4:29  Supply Depot  
  48  4:32  SCV  
  48  4:33  SCV  
  48  4:37  Medivac  
  52  4:45  Marauder  
  54  4:51  Marine x2, SCV  
  57  5:05  Marine  
  55  5:07  Medivac  
  55  5:08  Marine  
  55  5:12  Marine  
  59  5:21  SCV x2  
  61  5:23  Command Center  
  61  5:33  SCV  
  62  5:37  Supply Depot  
  62  5:42  Barracks  
  62  5:43  Terran Infantry Weapons Level 1  
  62  5:59  Marine x3, Medivac, SCV x2  
  69  6:16  Marine  
  70  6:26  Concussive Shells  
  70  6:31  Marine  
  70  6:35  Marine, Medivac, Marauder  
  76  6:45  Orbital Command  
  76  6:48  Barracks Reactor  
  76  6:49  Marine  
  76  6:53  Marine  
  77  6:56  Marine  
  78  7:05  Medivac  
  78  7:06  Marine  
  77  7:10  Marine  
  74  7:34  Marine x2  
  74  7:35  Medivac  
  78  7:51  Marine x2  
  79  7:52  Marine  
  81  8:05  Medivac  
  83  8:12  Marine  
  83  8:13  Marine  
  83  8:16  Engineering Bay  
  85  8:20  Supply Depot  
  85  8:22  Marine x3  
  82  8:35  Medivac  
  79  8:43  Supply Depot, Refinery  
  79  8:44  Marine x4  
  79  8:45  Marauder  
  85  9:02  Marine x2  
  87  9:04  Engineering Bay  
  87  9:07  Orbital Command, Marauder  
  87  9:08  Command Center  
  89  9:11  Barracks  
  89  9:19  Barracks  
  89  9:25  Medivac  
  89  9:28  Marauder  
  89  9:29  Starport  
  93  9:33  Marine x3  
  93  9:34  Marine  
  97  9:42  SCV  
  97  9:43  SCV x2  
  100  9:49  Marine  
  100  9:51  Marine x3  
  104  9:54  SCV  
  104  9:55  Medivac, SCV x2  
  109  10:09  Armory  
  109  10:10  Barracks Tech Lab  
  109  10:11  Barracks Tech Lab  
  109  10:20  Marine x4  
  115  10:24  Command Center  
Show
View Real Time Build Order
Export as new Build Order

jojo Protoss 

Build Orders:  

Get SALT Encoding   

  12  0:02  Probe (Chrono Boost)  
  13  0:17  Pylon  
  13  0:20  Probe (Chrono Boost)  
  14  0:30  Probe (Chrono Boost)  
  15  0:38  Forge  
  15  0:41  Probe (Chrono Boost)  
  16  0:47  Assimilator  
  16  0:52  Probe (Chrono Boost)  
  17  1:01  Gateway  
  17  1:05  Probe (Chrono Boost)  
  18  1:15  Probe (Chrono Boost)  
  19  1:19  Photon Cannon  
  19  1:27  Assimilator  
  19  1:38  Pylon  
  19  1:52  Pylon  
  19  2:03  Cybernetics Core  
  19  2:04  Probe (Chrono Boost)  
  19  2:07  Zealot  
  22  2:14  Probe (Chrono Boost)  
  23  2:21  Photon Cannon  
  23  2:25  Probe (Chrono Boost)  
  24  2:39  Pylon  
  24  2:40  Stalker  
  24  2:41  Pylon  
  24  2:42  Warp Gate (Chrono Boost)  
  26  3:00  Gateway  
  26  3:17  Stalker  
  26  3:19  Photon Cannon  
  28  3:22  Photon Cannon  
  28  3:33  Twilight Council  
  28  3:42  Probe  
  29  4:00  Nexus  
  29  4:07  Pylon  
  29  4:29  Photon Cannon  
  29  4:42  Blink (Chrono Boost)  
  29  4:50  Stalker x2  
  33  4:53  Gateway  
  33  5:03  Pylon  
  33  5:11  Probe  
  34  5:21  Probe  
  34  5:24  Robotics Facility  
  35  5:32  Probe  
  35  5:34  Stalker  
  38  5:38  Assimilator  
  38  5:43  Probe  
  39  5:56  Assimilator  
  39  5:57  Stalker  
  39  5:58  Stalker  
  43  6:07  Stalker  
  45  6:12  Observer  
  45  6:16  Probe  
  47  6:27  Probe  
  48  6:33  Observer  
  48  6:35  Protoss Shields Level 1  
  48  6:36  Protoss Air Weapons Level 1  
  49  6:55  Observer  
  50  7:09  Stalker x3  
  56  7:15  Warp Prism  
  58  7:49  Dark Shrine  
  58  7:55  Pylon  
  58  7:58  Pylon  
  58  8:14  Stalker  
  58  8:15  Stalker x2  
  56  8:49  Stalker x2  
  56  8:53  Stalker  
  62  9:32  Photon Cannon  
  62  9:35  Dark Templar, Photon Cannon  
  62  9:37  Photon Cannon  
  64  9:42  Dark Templar  
  66  10:07  Dark Templar  
  68  10:20  Stalker x2  
Show
View Real Time Build Order
Export as new Build Order

Анатолий Terran 

Build Orders:  

Get SALT Encoding   

  12  0:02  SCV  
  13  0:14  SCV  
  14  0:21  Supply Depot  
  14  0:27  SCV  
  15  0:31  Refinery  
  15  0:43  SCV  
  15  0:48  Barracks  
  16  0:56  SCV  
  17  1:08  SCV  
  18  1:20  Refinery, SCV  
  18  1:25  Barracks  
  19  1:32  SCV  
  20  1:40  Marine  
  20  1:44  SCV  
  22  2:00  Factory x2  
  22  2:08  SCV  
  23  2:23  Supply Depot  
  23  2:44  Marine, SCV  
  23  2:50  Starport, Factory Tech Lab x2  
  25  2:56  SCV  
  25  3:28  Siege Tank x2  
  25  3:33  Starport Reactor  
  31  3:46  Ghost Academy  
  31  3:47  Ghost Academy  
  31  3:55  Orbital Command  
  31  3:56  Barracks Tech Lab  
  31  4:09  Supply Depot  
  31  4:31  Medivac x2  
  35  4:33  Supply Depot  
  35  4:52  Command Center  
  35  4:55  Supply Depot, Personal Cloaking  
  35  5:24  Nuke  
  35  5:29  Ghost  
  37  6:21  Nuke  
  31  7:36  Nuke  
  31  7:41  Ghost Academy  
  31  7:43  Ghost  
  31  8:08  Nuke  
  31  8:11  Ghost  
  33  8:56  Nuke  
  33  8:57  Nuke  
  31  10:29  Command Center  
Show
View Real Time Build Order
Export as new Build Order

hoalu Terran 

Build Orders:  

Get SALT Encoding   

  12  0:12  SCV  
  13  0:21  Supply Depot  
  13  0:24  SCV  
  14  0:59  Command Center  
  14  1:07  Refinery  
  14  1:08  SCV  
  15  1:25  Engineering Bay  
  15  1:28  SCV  
  16  1:40  SCV  
  17  1:52  SCV  
  18  2:04  SCV  
  19  2:12  SCV  
  21  2:24  SCV  
  21  2:31  Planetary Fortress  
  21  2:33  Refinery  
  21  2:37  SCV  
  22  2:48  Refinery  
  22  2:49  SCV  
  23  2:53  Refinery  
  23  3:01  SCV  
  24  3:08  SCV  
  25  3:13  SCV  
  26  3:20  SCV  
  28  3:29  Planetary Fortress  
  28  3:32  SCV  
  28  3:39  Barracks  
  28  3:41  Barracks x2  
  28  3:44  SCV  
  29  3:56  SCV  
  30  4:06  SCV  
  31  4:18  SCV  
  32  4:30  Barracks, SCV  
  33  4:31  Factory  
  33  4:42  Barracks Reactor, SCV  
  33  4:44  Barracks Tech Lab  
  34  4:47  Barracks Reactor  
  34  4:54  SCV  
  35  5:04  Missile Turret  
  35  5:06  SCV  
  36  5:07  Missile Turret  
  36  5:14  Missile Turret  
  36  5:15  Missile Turret  
  36  5:18  SCV  
  37  5:21  Supply Depot  
  37  5:30  SCV  
  38  5:35  Supply Depot  
  38  5:37  Barracks Reactor, Supply Depot x2  
  38  5:43  Marine, SCV, Marauder  
  38  5:44  Marine x3  
  38  5:47  Factory Tech Lab  
  45  6:01  Marine  
  45  6:02  Marine x3  
  49  6:05  Marauder  
  51  6:18  Marine  
  51  6:20  Marine x3  
  51  6:23  SCV  
  56  6:26  Marine, Marauder  
  56  6:27  Marine  
  60  6:35  SCV  
  60  6:36  Marine  
  60  6:37  Marine  
  60  6:38  Marine x2  
  60  6:39  Infernal Pre-Igniter  
  65  6:42  Combat Shields  
  65  6:44  Marine  
  65  6:45  Marine  
  67  6:47  Marauder  
  67  6:48  SCV  
  70  7:11  Missile Turret  
  70  7:14  Missile Turret  
  70  7:21  Missile Turret  
  70  7:23  Missile Turret  
  70  7:32  Supply Depot  
  70  7:34  Supply Depot  
  70  7:38  Supply Depot  
  70  7:40  Supply Depot  
  70  7:53  Marine x6  
  70  7:54  Marauder  
  70  7:55  SCV  
  79  8:02  Stimpack  
  79  8:04  Siege Tank  
  82  8:08  SCV  
  82  8:11  Marine x3  
  86  8:15  Marauder  
  86  8:16  Marine x3  
  91  8:29  Marine x3  
  91  8:33  Marine  
  91  8:34  Marine x2  
  95  8:36  Siege Tank, Marauder  
  96  8:47  Marine  
  91  8:53  Marine x4  
  91  8:54  Marine  
  96  8:58  Marauder  
  98  9:04  Marine  
  98  9:08  Siege Tank  
  102  9:12  Marine  
  102  9:53  Marine x3  
  102  9:57  Supply Depot  
  102  9:58  Marine, Marauder  
  102  9:59  Supply Depot  
  102  10:00  Marine, Supply Depot  
  102  10:02  Marine  
  102  10:19  Marine x6  
Show
View Real Time Build Order
Export as new Build Order

EmptyBig Protoss 

Build Orders: 1 Gate Expand 

Get SALT Encoding   

  12  0:00  Probe (Chrono Boost)  
  13  0:11  Probe (Chrono Boost)  
  14  0:18  Pylon  
  14  0:22  Probe (Chrono Boost)  
  15  0:36  Probe (Chrono Boost)  
  15  0:38  Gateway  
  16  0:44  Assimilator  
  16  0:46  Probe (Chrono Boost)  
  18  0:57  Probe (Chrono Boost)  
  18  1:07  Probe (Chrono Boost)  
  19  1:18  Probe (Chrono Boost)  
  20  1:27  Nexus  
  20  1:38  Cybernetics Core  
  20  1:42  Probe (Chrono Boost)  
  21  1:53  Pylon  
  22  1:54  Probe (Chrono Boost)  
  22  1:58  Assimilator  
  22  2:13  Probe (Chrono Boost)  
  23  2:17  Warp Gate  
  23  2:23  Gateway  
  23  2:24  Mothership Core (Chrono Boost)  
  24  2:37  Adept (Chrono Boost)  
  24  2:43  Probe (Chrono Boost)  
  27  2:45  Probe (Chrono Boost)  
  27  2:51  Pylon  
  28  2:55  Probe (Chrono Boost)  
  28  2:57  Probe (Chrono Boost)  
  31  3:05  Probe (Chrono Boost)  
  31  3:07  Probe (Chrono Boost)  
  32  3:16  Probe (Chrono Boost)  
  32  3:18  Robotics Facility  
  33  3:21  Probe (Chrono Boost)  
  33  3:27  Probe (Chrono Boost)  
  35  3:32  Probe (Chrono Boost)  
  36  3:35  Assimilator  
  36  3:37  Probe (Chrono Boost)  
  36  3:38  Forge  
  37  3:42  Probe (Chrono Boost)  
  37  3:43  Assimilator  
  38  3:49  Probe (Chrono Boost)  
  38  3:55  Probe (Chrono Boost)  
  40  4:00  Probe (Chrono Boost)  
  41  4:05  Probe (Chrono Boost)  
  46  4:10  Probe (Chrono Boost)  
  46  4:13  Gateway  
  46  4:16  Gateway  
  47  4:23  Observer  
  44  4:29  Pylon  
  44  4:34  Protoss Ground Weapons Level 1  
  44  4:39  Twilight Council  
  44  4:40  Probe x2 (Chrono Boost)  
  44  4:45  Observer  
  42  4:54  Stalker x2  
  42  4:57  Nexus  
  44  5:06  Probe (Chrono Boost)  
  44  5:17  Probe (Chrono Boost)  
  45  5:23  Pylon  
  45  5:26  Probe (Chrono Boost)  
  45  5:27  Pylon, Probe (Chrono Boost)  
  47  5:37  Probe (Chrono Boost)  
  47  5:38  Probe (Chrono Boost)  
  49  5:45  Stalker x2  
  49  5:48  Probe x2 (Chrono Boost)  
  50  6:04  Stalker x2  
  50  6:10  Probe x2 (Chrono Boost)  
  56  6:18  Stalker  
  58  6:19  Stalker  
  59  6:36  Stalker x2  
  58  6:43  Photon Cannon  
  58  6:47  Stalker  
  52  6:58  Stalker  
  49  7:02  Stalker x2  
  45  7:25  Gateway  
  45  7:26  Gateway  
  45  7:27  Pylon  
  43  7:36  Pylon  
  38  7:40  Cybernetics Core  
  30  7:48  Zealot x2  
Show
View Real Time Build Order
Export as new Build Order

Gracz Terran 

Build Orders:  

Get SALT Encoding   

  12  0:02  SCV  
  14  0:14  SCV  
  14  0:29  Supply Depot  
  14  0:38  Supply Depot  
  14  0:46  Supply Depot  
  14  0:48  Refinery, SCV  
  15  1:00  SCV  
  16  1:15  Barracks  
  16  1:16  SCV  
  17  1:23  Supply Depot  
  17  1:30  SCV  
  18  1:42  SCV  
  19  1:47  Supply Depot  
  19  2:33  Supply Depot  
  19  2:36  Barracks, Barracks Reactor  
  19  2:40  Orbital Command  
  19  2:42  Barracks  
  19  2:53  Engineering Bay  
  19  2:59  Supply Depot  
  19  3:05  Supply Depot  
  19  3:09  Supply Depot  
  18  3:34  Barracks, Barracks Reactor  
  18  3:35  Barracks Reactor  
  18  3:44  Barracks  
  18  3:47  Factory  
  18  4:22  Refinery  
  18  4:38  Command Center  
  18  4:39  Barracks Reactor  
  18  4:54  Sensor Tower  
  18  5:10  SCV  
  19  5:18  Missile Turret  
  19  5:22  SCV  
  20  5:35  SCV  
  21  5:46  Marine x8  
  29  6:03  Marine  
  30  6:04  Marine x7  
  37  6:12  Barracks Tech Lab, Factory Tech Lab  
  37  6:21  Marine  
  37  6:22  Marine x7  
  45  6:39  Marine  
  46  6:40  Marine x4  
  25  7:28  Marine  
  25  7:29  Marine x7  
  29  7:39  SCV  
  30  7:46  Marine x5  
  30  7:47  Marine x3  
  39  7:51  SCV  
  39  8:03  SCV  
  40  8:15  SCV  
  35  8:27  SCV  
  30  9:00  Orbital Command  
  30  9:35  Marine x9  
  15  9:52  Marine  
  15  9:58  SCV  
  17  10:04  SCV  
  18  10:10  SCV  
  19  10:15  Supply Depot  
  19  10:17  SCV  
  19  10:20  Marine  
  19  10:21  Supply Depot  
  21  10:22  SCV  
  29  10:29  Starport  
Tags
 
Add a new tag
Caveats
  • Supply blocks, unpowered buildings, or Contaminate may cause inaccurate times.
  • Supply counts are checked every 10 seconds.